 Dungeon Crawl Stone Soup version 0.30-a0-715-gdb4ae3ece1 (webtiles) character file.

Game seed: 1787233436733219918

8067 M4edhros the Fighter (level 11, -6/87 HPs)
             Began as an Octopode Artificer on Jan 24, 2023.
             Was a Plaything of Xom.
             Mangled by a sun demon (16 damage)
             ... summoned by Xom
             ... on level 10 of the Dungeon.
             The game lasted 00:11:34 (9663 turns).

M4edhros the Fighter (Octopode Artificer)           Turns: 9663, Time: 00:11:35

Health: -6/87      AC:  5    Str: 11    XL:     11   Next: 25%
Magic:  11/11      EV: 17    Int: 13    God:    Xom [......]
Gold:   481        SH:  0    Dex: 20    Spells: 10/10 levels left

rFire   . . .      SeeInvis .      - Unarmed
rCold   + . .      Faith    .    (no shield)
rNeg    . . .      Spirit   .    (helmet restricted)
rPois   +          Reflect  .    w - amulet of regeneration
rElec   .          Harm     .    r - ring of poison resistance
rCorr   +          Rampage  .    u - ring of protection from cold
Will    .....                    e - ring of resist corrosion
Stlth   +++                      K - +4 ring of protection
HPRegen 1.14/turn                (no ring)
MPRegen 0.12/turn                (no ring)
                                 (no ring)
                                 (no ring)

@: no status effects
A: almost no armour, amphibious, 8 rings, camouflage 1, gelatinous body 1,
(nimble swimmer 1), tentacles, antennae 1, tentacle spike 1, agile 1
a: Renounce Religion


You were on level 10 of the Dungeon.
You worshipped Xom.
You were a very special plaything of Xom.
You visited 2 branches of the dungeon, and saw 11 of its levels.
You also visited: Bailey.

You collected 541 gold pieces.
You spent 60 gold pieces at shops.

Inventory:

Hand Weapons
 t - a +0 sling
 A - a +2 quarterstaff of chaos
 I - a +0 arbalest
 N - the +7 mace "Qoasheew" {heavy, rElec Int+7 Dex-4}
   (You found it on level 8 of the Dungeon)

   Int:       It affects your intelligence (+7).
   Dex:       It affects your dexterity (-4).
   rElec:     It insulates you from electricity.
Missiles
 s - 3 javelins
 F - 16 poisoned darts (quivered)
 G - 8 datura-tipped darts
 H - 9 curare-tipped darts
Jewellery
 e - a ring of resist corrosion (on tentacle)
 r - a ring of poison resistance (left tentacle)
 u - a ring of protection from cold (right tentacle)
 w - an amulet of regeneration (around mantle)
 K - a +4 ring of protection (on tentacle)
 Q - an amulet of magic regeneration
Wands
 b - a wand of flame (24)
 c - a wand of paralysis (4)
 d - a wand of iceblast (5)
 z - a wand of polymorph (9)
 M - a wand of digging (6)
Scrolls
 a - 7 scrolls of teleportation
 g - 3 scrolls of enchant weapon {unknown}
 i - 4 scrolls of noise {unknown}
 j - 4 scrolls of enchant armour {unknown}
 m - 7 scrolls of identify {unknown}
 q - 5 scrolls of magic mapping {unknown}
 v - a scroll of vulnerability {unknown}
 y - 2 scrolls of fear {unknown}
 D - a scroll of poison {unknown}
 E - a scroll of fog
 O - a scroll of acquirement {unknown}
 P - 4 scrolls of immolation
 R - a scroll of silence {unknown}
Potions
 f - 2 potions of mutation {unknown}
 h - 2 potions of berserk rage {unknown}
 k - 3 potions of brilliance {unknown}
 l - 3 potions of attraction
 n - 4 potions of degeneration {unknown}
 o - 3 potions of haste
 p - a potion of might {unknown}
 x - 5 potions of curing
 B - 2 potions of lignification {unknown}
 C - a potion of resistance {unknown}
 J - a potion of cancellation {unknown}
 L - 4 potions of heal wounds {unknown}


   Skills:
 - Level 12.9 Fighting
 * Level 5.8 Dodging
 - Level 1.3 Stealth
 - Level 10.0 Unarmed Combat
 - Level 3.2 Evocations


You had 10 spell levels left.
You didn't know any spells.
Your spell library contained the following spells:

 Spells                   Type           Power      Damage    Failure   Level
 Freeze                   Ice            0%         1d3       30%         1
 Frozen Ramparts          Ice            0%         1d1       67%         3
 Hailstorm                Conj/Ice       0%         3d3       67%         3
 Leda's Liquefaction      Hex/Erth       0%         N/A       97%         4
 Lee's Rapid Deconstruct  Erth           0%         3d4*      100%        5
 Statue Form              Tmut/Erth      0%         N/A       100%        6


Dungeon Overview and Level Annotations

Branches:
Dungeon (10/15)            Temple (1/1) D:6            Lair (0/5) D:9
 Bailey (visited)
    Orc: D:9-12

Altars:
Ashenzari
Dithmenos
Fedhas
Gozag
Hepliaklqana
Kikubaaqudgha
Makhleb
Nemelex Xobeh
Okawaru
Qazlal
Ru
Sif Muna
Trog
Uskayaw
Vehumet
Wu Jian
Xom
Yredelemnul
Zin
The Shining One

Shops:
D:6 *   D:8 ([=[(

Annotations:
D:9 1 runed translucent door, M4edhros's ghost, novice OpFi


Innate Abilities, Weirdness & Mutations

You cannot wear most types of armour.
You are amphibious.
You can wear up to eight rings at the same time.
Your skin changes colour to match your surroundings (Stealth+).
Your rubbery body absorbs attacks. (AC +1, EV +1)
((You are camouflaged when in or above water. (Stealth+)))
You have tentacles for arms and can constrict up to eight enemies at once.
You have a pair of small antennae on your head.
One of your tentacles bears a spike.
You are agile. (Dex +4, Str/Int -1)


Message History

You bludgeon the sun demon! You grab the sun demon.
You pierce the sun demon, but do no damage.
You tentacle-slap the sun demon! Your squeeze misses the sun demon.
The sun demon is moderately wounded.
You constrict the sun demon, but do no damage.
The sun demon hits you!
You are engulfed in flames!
The white imp gestures at you. The puff of frost misses you.
The puff of frost hits the sun demon!
The sun demon is frozen!
Xom thinks this is hilarious!
The ice devil hits you but does no damage.
The shadow imp barely misses you. The hellwing hits you.
The hellwing misses you.
There are monsters nearby!
You tentacle-slap the sun demon.
You pierce the sun demon.
The sun demon is severely wounded.
You constrict the sun demon, but do no damage.
The sun demon hits you!!
You are engulfed in flames!
* * * LOW HITPOINT WARNING * * *
The white imp hits you.
* * * LOW HITPOINT WARNING * * *
The white imp freezes you. You resist.
* * * LOW HITPOINT WARNING * * *
The hellwing completely misses you. The hellwing barely misses you.
The ice devil hits you!
* * * LOW HITPOINT WARNING * * *
The ice devil freezes you. You resist.
* * * LOW HITPOINT WARNING * * *
The crimson imp blinks!
The shadow imp shouts, "Run away, thou droning boil-brained dewberry!"
The shadow imp misses you.
Okay, then.
Okay, then.
You are too injured to fight recklessly!
You feel better.
You constrict the sun demon, but do no damage.
The sun demon hits you!
* * * LOW HITPOINT WARNING * * *
You are engulfed in flames!
You die...

........#
#.......######
#.............
###......§......
#...........5...
#...............
#....§35......
#....4@#
#....45#
#......#
#...#### #...#
#######...#
#.........#
#.........#
#####.........#
...


You could see a sun demon (summoned), a hellwing (summoned), an ice devil
(summoned), a crimson imp (summoned), a white imp (summoned) and a shadow imp
(summoned).

Vanquished Creatures
  A two-headed ogre (D:8)
  Pikel (D:7)
  A gargoyle (D:10)
  A kobold demonologist (D:7)
  A rime drake (D:9)
  A troll (D:9)
  Sigmund (D:6)
  2 wyverns
  6 yaks
  Menkaure (D:4)
  3 water moccasins
  5 orc warriors
  6 ice beasts
  A sky beast (D:8)
  2 ogres
  A black bear (D:6)
  2 wolves (D:9)
  A lemure (D:7)
  A phantom (D:3)
  3 centaurs
  4 kobold brigands
  3 bullfrogs
  3 necrophages
  2 scorpions (D:5)
  12 killer bees
  4 howler monkeys
  A jelly (D:7)
  7 orc priests
  Crazy Yiuf (D:4)
  2 hounds (D:5)
  10 orc wizards
  6 adders
  7 gnolls
  A shadow imp (D:7)
  2 white imps (D:7)
  2 worms
  4 dart slugs
  20 orcs
  6 bats
  5 endoplasms
  A giant cockroach (D:3)
  8 goblins
  10 hobgoblins
  4 quokkas
  7 ball pythons
  4 frilled lizards
  22 kobolds
  7 rats
206 creatures vanquished.

Vanquished Creatures (collateral kills)
  An orc warrior (Bailey)
  2 kobold brigands (Bailey)
  A killer bee (D:7)
  An orc priest (D:3)
  2 orcs
  6 kobolds (Bailey)
13 creatures vanquished.

Vanquished Creatures (others)
  An orc warrior (Bailey)
  A human (D:6)
  A gnoll (D:4)
3 creatures vanquished.

Grand Total: 222 creatures vanquished

Notes
Turn   | Place    | Note
-------+----------+-------------------------------------------
     0 | D:1      | M4edhros the Octopode Artificer began the quest for the
                  | Orb.
     0 | D:1      | Reached XP level 1. HP: 13/13 MP: 1/1
   112 | D:1      | Reached skill level 1 in Unarmed Combat
   250 | D:1      | Reached XP level 2. HP: 15/18 MP: 2/2
   304 | D:3      | Found a stormy altar of Qazlal.
   310 | D:3      | Noticed a phantom
   319 | D:3      | Killed a phantom
   320 | D:3      | Reached XP level 3. HP: 3/23 MP: 3/3
   320 | D:3      | Reached XP level 4. HP: 4/28 MP: 4/4
   559 | D:4      | Reached XP level 5. HP: 23/33 MP: 5/5
   620 | D:4      | Noticed an ogre
   914 | D:4      | Killed an ogre
   915 | D:4      | Reached skill level 5 in Unarmed Combat
   915 | D:4      | Reached XP level 6. HP: 19/38 MP: 6/6
  1012 | D:4      | Found a blossoming altar of Fedhas.
  1040 | D:4      | Found a runed translucent door.
  1041 | D:4      | Noticed Crazy Yiuf
  1093 | D:4      | Identified the +1 chain mail "Mupnalou" {*Corrode rPois
                  | Dex+4}
  1151 | D:5      | Entered Level 5 of the Dungeon
  1561 | D:5      | Reached XP level 7. HP: 35/43 MP: 7/7
  1763 | D:5      | Found an ornate altar of the Wu Jian Council.
  2418 | D:6      | Found a staircase to the Ecumenical Temple.
  2429 | Temple   | Entered the Ecumenical Temple
  2443 | Temple   | Became a worshipper of Xom of Chaos
  2525 | D:3      | XOM: divination: detect items
  2754 | D:1      | XOM: silly message
  2758 | D:1      | Found a faded altar of an unknown god.
  2964 | D:1      | XOM: silly message
  3339 | D:2      | XOM: silly message
  3414 | D:2      | XOM: divination: detect creatures
  3858 | D:3      | XOM: silly message
  3938 | D:3      | XOM is BORED!
  3997 | D:3      | XOM: enchant monster (bad)
  4031 | D:3      | XOM: summons friendly white imp
  4033 | D:3      | XOM: summons friendly ynoxinul
  4112 | D:3      | Reached XP level 8. HP: 48/48 MP: 8/8
  4283 | D:3      | Identified the +3 leather armour of Feasting {rN+ Stlth+}
  4501 | D:3      | Found a hazy altar of Hepliaklqana.
  4512 | D:3      | XOM: god gift: 12 gold pieces
  4910 | D:4      | XOM: cloud trail
  5027 | D:4      | Found a broken altar of Ashenzari.
  5187 | D:4      | XOM: give mutations
  5187 | D:4      | Gained mutation: You have a pair of small antennae on your
                  | head. [Xom's grace]
  5187 | D:4      | Gained mutation: Your mind is acute. (Int +4, Str/Dex -1)
                  | [Xom's grace]
  5187 | D:4      | Gained mutation: You are agile. (Dex +4, Str/Int -1) [Xom's
                  | grace]
  5209 | D:4      | Noticed Menkaure
  5213 | D:4      | Killed Menkaure
  5290 | D:4      | XOM: scenery: create altars
  5362 | D:4      | XOM: scenery: summon butterflies
  5395 | D:4      | Killed Crazy Yiuf
  5462 | D:6      | Found an ancient bone altar of Kikubaaqudgha.
  5476 | D:6      | Noticed a +0 short sword
  5477 | D:6      | Noticed a +0 spear
  5487 | D:6      | Found a hide-covered altar of Uskayaw.
  5487 | D:6      | Noticed a +0 dagger
  5487 | D:6      | Noticed a +0 short sword
  5488 | D:6      | Noticed a +0 falchion
  5489 | D:6      | Noticed a +0 falchion
  5490 | D:6      | Noticed a +0 spear
  5491 | D:6      | Noticed a +0 dagger
  5509 | D:6      | XOM: smoke on damage
  5570 | D:6      | Reached skill level 10 in Unarmed Combat
  5644 | D:6      | Reached skill level 2 in Fighting
  5675 | D:6      | Found Tutav's CLEARANCE SALE!.
  5682 | D:6      | Reached skill level 3 in Fighting
  5692 | D:6      | Bought a scroll of fog for 24 gold pieces
  5692 | D:6      | Bought a potion of curing for 18 gold pieces
  5692 | D:6      | Bought a scroll of teleportation for 18 gold pieces
  5737 | D:6      | Noticed Sigmund
  5745 | D:6      | Killed Sigmund
  5746 | D:6      | Reached skill level 4 in Fighting
  5777 | D:6      | Reached XP level 9. HP: 55/60 MP: 9/9
  6001 | D:7      | Reached skill level 5 in Fighting
  6038 | D:7      | XOM: fog
  6039 | D:7      | XOM: noise
  6049 | D:7      | Found a flagged portal.
  6068 | Bailey   | Entered a bailey
  6106 | Bailey   | Reached skill level 6 in Fighting
  6174 | Bailey   | XOM: enchant monster (good)
  6216 | Bailey   | Found a burning altar of Makhleb.
  6220 | Bailey   | Reached skill level 7 in Fighting
  6260 | Bailey   | XOM: god gift: potion of curing
  6316 | D:7      | Found an opulent altar of Gozag.
  6356 | D:7      | Noticed Pikel
  6372 | D:7      | Killed Pikel
  6373 | D:7      | Reached skill level 8 in Fighting
  6446 | D:7      | Noticed a kobold demonologist
  6456 | D:7      | XOM: confusion (+ monsters)
  6467 | D:7      | Killed a kobold demonologist
  6468 | D:7      | Reached skill level 9 in Fighting
  6673 | D:7      | Reached XP level 10. HP: 72/74 MP: 10/10
  6794 | D:7      | Reached skill level 10 in Fighting
  7107 | D:8      | XOM: enchant monster (good)
  7224 | D:8      | Noticed a two-headed ogre
  7283 | D:8      | Found Arribucago's Weapon Emporium.
  7291 | D:8      | XOM: confusion (+ monsters)
  7308 | D:8      | XOM: cast spell 'Summon Dragon'
  7463 | D:8      | Identified the +7 mace "Qoasheew" {heavy, rElec Int+7
                  | Dex-4}
  7468 | D:8      | Found a radiant altar of Vehumet.
  7473 | D:8      | XOM: polymorph killer bee -> gnoll
  7488 | D:8      | Found a basalt altar of Yredelemnul.
  7515 | D:8      | Killed a two-headed ogre
  7516 | D:8      | Reached skill level 11 in Fighting
  7542 | D:8      | Found Vennafen's Armour Emporium.
  7561 | D:8      | XOM: cast spell 'Summon Small Mammal'
  7577 | D:8      | XOM: 2-stop teleportation journey
  7878 | D:8      | Found Pukh's Weapon Emporium.
  8054 | D:8      | Found Dyod's Armour Shoppe.
  8059 | D:8      | Found Ofocell's Jewellery Shoppe.
  8177 | D:8      | XOM: give mutations
  8177 | D:8      | Gained mutation: You are weak. (Str -2) [Xom's mischief]
  8177 | D:8      | Gained mutation: One of your tentacles bears a spike.
                  | [Xom's mischief]
  8177 | D:8      | Lost mutation: You are weak. (Str -2) [Xom's mischief]
  8177 | D:8      | Lost mutation: Your mind is acute. (Int +4, Str/Dex -1)
                  | [Xom's mischief]
  8263 | D:9      | XOM: silly message
  8265 | D:9      | Reached skill level 12 in Fighting
  8315 | D:9      | Found a staircase to the Lair.
  8326 | D:9      | XOM: enchant monster (good)
  8471 | D:9      | XOM: smoke on damage
  8472 | D:9      | XOM: blink monster(s)
  8479 | D:9      | Reached XP level 11. HP: 63/87 MP: 11/11
  8482 | D:9      | XOM: 1-stop teleportation journey
  8537 | D:9      | XOM: silly message
  8539 | D:9      | Found a shadowy altar of Dithmenos.
  8585 | D:9      | XOM: silly message
  8589 | D:9      | XOM: noise
  8775 | D:9      | Found a runed translucent door.
  8853 | D:9      | Noticed M4edhros's ghost (novice OpFi)
  9371 | D:10     | Entered Level 10 of the Dungeon
  9392 | D:10     | Reached skill level 5 in Dodging
  9502 | D:10     | XOM: summons 4 hostile shadow creatures
  9529 | D:10     | XOM: scenery: 1 doors open
  9658 | D:10     | XOM: summons 6 hostile demons
  9659 | D:10     | Noticed a sun demon
  9663 | D:10     | Mangled by a sun demon

Illustrated notes

Levels and vault maps discovered:
D:1:      dpeg_chamrin_arrival_tetris, layout_basic,
          ebering_ecumenical_altar_abandoned
D:2:      layout_basic
D:3:      kb_forest_paths, layout_basic, nicolae_qazlal_general_emergency,
          nicolae_hepliaklqana_hazy_memory
D:4:      layout_basic, mainiacjoe_overflow_alcove_1,
          lemuel_coloured_pillars_altar, uniq_menkaure, uniq_crazy_yiuf_cottage
D:5:      layout_basic, mainiacjoe_overflow_paths
D:6:      layout_gridville, nicolae_uskayaw_en_pointe, tgw_kikubaaqudgha,
          minmay_temple_entry_wispy, nicolae_shop_clearance, uniq_sigmund
D:7:      layout_gridville, lemuel_round_altar, enter_bailey_3, uniq_pikel
D:8:      layout_basic, vehumet_altar_wand_db, mainiacjoe_overflow_brackets,
          serial_shops, nicolae_shop_window_shopping, shop, shop,
          nicolae_take_the_stairs, kennysheep_mini_moat, grunt_ministairs_10
D:9:      layout_loops_ring, mainiacjoe_overflow_boulevard,
          hellmonk_lair_entry_icy, ebering_ghost_inner_flame,
          nicolae_straight_to_the_point
D:10:     layout_irregular_city, kennysheep_mini, chei_slow_surprise,
          serial_glass, glass_columns_c, glass_columns_a, glass_columns_c,
          glass_columns_a, glass_columns_a, glass_columns_b
Temple:   hellmonk_temple_rainy

Skill      XL: |  1  2  3  4  5  6  7  8  9 10 11 |
---------------+----------------------------------+-----
Unarmed Combat | 1 4 5 7 8 10 | 10.0
Fighting       | 4 9 12 | 12.9
Dodging        | 5 |  5.8
Stealth        | |  1.3
Evocations     | |  3.2

Action                     |  1- 3 |  4- 6 |  7- 9 | 10-12 || total
---------------------------+-------+-------+-------+-------++-------
  Melee: Unarmed           |    30 |    49 |   247 |   232 ||   558
         Tentacles         |     8 |    11 |    62 |    69 ||   150
         Constrict         |     6 |     8 |    61 |    41 ||   116
         Punch             |       |     1 |    16 |    20 ||    37
         Kick              |       |       |       |    56 ||    56
  Throw: Dart              |       |       |     9 |    12 ||    21
         Javelin           |       |       |       |     1 ||     1
  Evoke: Wand              |     7 |    10 |     4 |    10 ||    31
    Use: Potion            |       |       |       |     6 ||     6
         Scroll            |       |       |       |     1 ||     1
   Stab: Sleeping          |     1 |     1 |    19 |     3 ||    24
         Distracted        |       |       |     3 |       ||     3
         Confused          |       |       |     1 |       ||     1
         Betrayed ally     |       |       |     1 |       ||     1
         Paralysed         |       |       |       |    10 ||    10
 Armour: Skin              |     1 |     1 |    11 |    55 ||    68
  Dodge: Dodged            |    15 |    32 |   159 |   216 ||   422

Table legend: (Time is in decaauts)
 A = Elapsed time spent in this place.
 B = Non-inter-level travel time spent in this place.
 C = Inter-level travel time spent in this place.
 D = Time resting spent in this place.
 E = Time spent auto-exploring this place.
 F = Levels seen in this place.
 G = Mean time per level.
                   A        B        C        D        E       F      G
               +--------+--------+--------+--------+--------+-----+--------+
         Total |   9566 |   8997 |    569 |    112 |   7246 |  12 |  797.2 |
       Dungeon |   9307 |   8752 |    555 |    112 |   7167 |  10 |  930.7 |
        Temple |     28 |     14 |     14 |      0 |      0 |   1 |   28.0 |
        Bailey |    230 |    230 |      0 |      0 |     79 |   1 |  230.0 |
               +--------+--------+--------+--------+--------+-----+--------+

Top non-repeatable levels by time:
     D:4: 1360 daAuts
     D:3: 1211 daAuts
     D:5: 1190 daAuts
     D:9: 1120 daAuts
     D:7: 1020 daAuts
     D:8: 958 daAuts
     D:1: 823 daAuts
     D:6: 681 daAuts
     D:2: 669 daAuts
    D:10: 271 daAuts
  Bailey: 230 daAuts
  Temple: 28 daAuts
